 Dungeon Crawl Stone Soup version 0.26.1-2-gb8aa6d0cf2 (webtiles) character file.

Game seed: 2280891479269182564

1410 Mattiprrivan the Sneak (level 8, 0/50 HPs)
             Began as an Octopode Summoner on Feb 24, 2021.
             Was a Believer of Okawaru.
             Slain by a killer bee (6 damage)
             ... on level 7 of the Dungeon on Feb 25, 2021.
             The game lasted 00:52:43 (6663 turns).

Mattiprrivan the Sneak (Octopode Summoner)          Turns: 6663, Time: 00:52:46

Health: 0/50       AC:  1    Str:  6 (8)  XL:     8   Next: 70%
Magic:  30/30      EV: 14    Int: 14 (17) God:    Okawaru [**....]
Gold:   93         SH:  0    Dex: 14      Spells: 3/13 levels left

rFire    . . .     SeeInvis +   d - +2 dagger
rCold    . . .     Faith    .   (no shield)
rNeg     . . .     Spirit   .   (helmet restricted)
rPois    +         Reflect  .   (no amulet)
rElec    .         Harm     .   b - ring of magical power
rCorr    .         Rampage  .   f - ring of flight
Will     +....                  e - ring of poison resistance
Stlth    ++++......             i - ring of see invisible
HPRegen  0.16/turn              k - ring of magical power
MPRegen  0.22/turn              o - ring of willpower
                                (no ring)
                                (no ring)

@: no status effects
A: almost no armour, stealthy swim, amphibious, 8 rings, constrict 8, tentacle
spike 1, camouflage 1, poison resistance, gelatinous body 1
a: Renounce Religion, Evoke Flight, Heroism


You were on level 7 of the Dungeon.
You worshipped Okawaru.
Okawaru was pleased with you.
You visited 1 branch of the dungeon, and saw 7 of its levels.

You collected 254 gold pieces.
You spent 161 gold pieces at shops.

Inventory:

Hand Weapons
 d - a +2 dagger (weapon)
Missiles
 c - 61 poisoned darts (quivered)
 p - 2 silver boomerangs
Jewellery
 b - a ring of magical power (left tentacle)
 e - a ring of poison resistance (on tentacle)
 f - a ring of flight (right tentacle)
 i - a ring of see invisible (on tentacle)
 k - a ring of magical power (on tentacle)
 o - a ring of willpower (on tentacle)
Scrolls
 a - 2 scrolls of fog
 g - a scroll of enchant armour
 j - a scroll of teleportation
 m - 2 scrolls of identify
 n - 3 scrolls of remove curse


   Skills:
 * Level 2.2 Fighting
 * Level 3.4(3.7) Short Blades
 * Level 2.0(3.0) Long Blades
 * Level 2.4 Throwing
 * Level 3.2 Dodging
 * Level 6.6 Stealth
 * Level 2.7 Unarmed Combat
 * Level 3.0 Spellcasting
 * Level 2.0 Hexes
 * Level 5.1 Summonings
 * Level 1.6 Air Magic
 * Level 2.2 Invocations
 * Level 2.5 Evocations


You had 3 spell levels left.
You knew the following spells:

 Your Spells              Type           Power        Failure   Level
a - Summon Small Mammal   Summ           64%          2%          1
b - Call Imp              Summ           16%          4%          2
c - Summon Guardian Gole  Hex/Summ       12%          14%         3
d - Summon Lightning Spi  Summ/Air       11%          47%         4

Your spell library contained the following spells:

 Spells                   Type           Power        Failure   Level
 Call Canine Familiar     Summ           16%          8%          3
 Summon Ice Beast         Ice/Summ       9%           58%         4


Dungeon Overview and Level Annotations

Branches:
Dungeon (7/15)             Temple (0/1) D:5

Altars:
Hepliaklqana
Okawaru
Trog
Yredelemnul

Shops:
D:5 *


Innate Abilities, Weirdness & Mutations

You cannot wear most types of armour.
You are very stealthy in the water. (Stealth+)
You are amphibious.
You can wear up to eight rings at the same time.
You can use your tentacles to constrict eight enemies at once.
Your skin changes colour to match your surroundings (Stealth+).
Your rubbery body absorbs attacks. (AC +1, EV +1)
One of your tentacles bears a spike.
Your system is resistant to poisons. (rPois)


Message History

The killer bee stings you!
* * * LOW HITPOINT WARNING * * *
Throw: dart (curare)
Press: ? - help, Q - select action, (/) - cycle Shift-Dir - straight line, f/p - killer bee
Aim: a killer bee (31% to hit)
You throw a curare-tipped dart.
The curare-tipped dart hits the killer bee.
The killer bee is poisoned.
The killer bee convulses.
The killer bee seems to slow down.
The killer bee is moderately wounded.
The killer bee stings you!
* * * LOW HITPOINT WARNING * * *
The killer bee closely misses you.
Hit: d) +2 dagger
Press: ? - help, Dir - move target, f/p - killer bee
Aim: a killer bee (heavily wounded, very poisoned, slow)
You hit the killer bee. Your grab misses the killer bee.
The killer bee is severely wounded.
The killer bee stings you.
You die...

.##.#. .......
..... .. #.### ...
#.# ... #.# #.#
##########.#
.......@y†(#
##########..(.!..#
#........
###.##### .# .# #


You could see a killer bee (very poisoned, slow).

Vanquished Creatures
  Grinder (D:3)
  A wyvern (D:4)
  A black bear (D:3)
  An ogre (D:5)
  A centaur (D:4)
  A scorpion (D:4)
  2 killer bees (D:7)
  A howler monkey (D:6)
  2 gnoll shamans (D:5)
  2 hounds
  A jelly (D:5)
  2 bullfrog skeletons (D:4)
  3 iguanas
  Terence (D:3)
  A worker ant (D:4)
  2 gnolls (D:5)
  An adder (D:4)
  A shadow imp (D:2)
  3 white imps (D:5)
  An ufetubus (D:6)
  2 oozes
  An adder zombie (D:6)
  3 worms
  2 dart slugs
  3 leopard geckos
  2 orcs
  A ball python (D:4)
  8 giant cockroaches
  3 goblins
  8 hobgoblins
  4 jackals (D:5)
  2 quokkas
  A ball python skeleton (D:5)
  6 bats
  8 frilled lizards
  8 kobolds
  5 rats
96 creatures vanquished.

Vanquished Creatures (collateral kills)
  A phantom (D:5)
  A centaur (D:5)
  A gnoll sergeant (D:5)
  A worker ant (D:4)
  5 gnolls (D:5)
  2 goblins (D:2)
  A jackal (D:5)
  2 bats
  A rat (D:1)
15 creatures vanquished.

Grand Total: 111 creatures vanquished

Notes
Turn   | Place    | Note
-------+----------+-------------------------------------------
     0 | D:1      | Mattiprrivan the Octopode Summoner began the quest for the
                  | Orb.
     0 | D:1      | Reached XP level 1. HP: 11/11 MP: 3/3
   307 | D:1      | Reached XP level 2. HP: 6/17 MP: 5/5
   310 | D:1      | Learned a level 2 spell: Call Imp
  1031 | D:1      | Gained mutation: One of your tentacles bears a spike.
                  | [potion of mutation]
  1031 | D:1      | Gained mutation: Your system is resistant to poisons.
                  | (rPois) [potion of mutation]
  1092 | D:1      | Reached XP level 3. HP: 22/22 MP: 6/6
  1124 | D:1      | Learned a level 3 spell: Summon Guardian Golem
  1404 | D:2      | Found an iron altar of Okawaru.
  1454 | D:2      | Became a worshipper of Warmaster Okawaru
  1570 | D:2      | Reached skill level 3 in Stealth
  2197 | D:2      | Reached XP level 4. HP: 27/27 MP: 7/7
  2431 | D:3      | Reached skill level 1 in Unarmed Combat
  2434 | D:3      | Reached skill level 1 in Throwing
  2529 | D:3      | Noticed a black bear
  2543 | D:3      | Killed a black bear
  2544 | D:3      | Reached skill level 1 in Fighting
  2544 | D:3      | Reached skill level 1 in Short Blades
  2544 | D:3      | Reached skill level 1 in Evocations
  2544 | D:3      | Reached XP level 5. HP: 16/33 MP: 8/8
  2872 | D:3      | Noticed Grinder
  2888 | D:3      | Killed Grinder
  2889 | D:3      | Reached skill level 1 in Long Blades
  2889 | D:3      | Reached skill level 4 in Stealth
  2889 | D:3      | Reached skill level 1 in Hexes
  2889 | D:3      | Reached skill level 1 in Invocations
  2889 | D:3      | Reached XP level 6. HP: 22/38 MP: 9/9
  3169 | D:3      | Noticed Terence
  3171 | D:3      | Killed Terence
  3428 | D:3      | Found a hazy altar of Hepliaklqana.
  3439 | D:3      | Found a bloodstained altar of Trog.
  3520 | D:4      | Found a basalt altar of Yredelemnul.
  3665 | D:4      | Reached XP level 7. HP: 43/43 MP: 10/10
  3670 | D:4      | Learned a level 4 spell: Summon Lightning Spire
  3750 | D:4      | Reached skill level 5 in Stealth
  3780 | D:4      | Noticed a wyvern
  3790 | D:4      | Killed a wyvern
  3790 | D:4      | Reached * piety under Okawaru
  4518 | D:5      | Entered Level 5 of the Dungeon
  4604 | D:5      | Reached XP level 8. HP: 28/50 MP: 12/12
  4696 | D:5      | Reached ** piety under Okawaru
  4697 | D:5      | Reached skill level 1 in Air Magic
  4953 | D:5      | Found a staircase to the Ecumenical Temple.
  4964 | D:5      | Reached skill level 6 in Stealth
  5308 | D:5      | Found Jaess's Assorted Antiques.
  5320 | D:5      | Bought a large golden ring for 115 gold pieces
  5320 | D:5      | Bought a scroll of identify for 46 gold pieces
  5428 | D:5      | Reached skill level 5 in Summonings
  6626 | D:7      | HP: 2/50 [killer bee (4)]
  6663 | D:7      | Slain by a killer bee

Illustrated notes

Levels and vault maps discovered:
D:1:      dpeg_arrival_solitude, layout_basic, minmay_cupped
D:2:      layout_loops_cross, kennysheep_okawaru_gauntlet
D:3:      layout_loops_ring, minitemple, eino_tiny_chamber, uniq_terence,
          uniq_grinder
D:4:      layout_gridville, lemuel_round_altar
D:5:      layout_cave_pools, minmay_temple_entry_large_hall, serial_gnoll_camp,
          gnoll_camp_mini_loothouse, gnoll_camp_mini_hut, gnoll_camp_mini_hut,
          gnoll_camp_mini_basic, gnoll_camp_mini_shop
D:6:      layout_basic
D:7:      minmay_the_grid_triangle_9x9_recursive_2
          [minmay_the_grid_triangle_9x9_prize_insulated,
          minmay_the_grid_triangle_9x9_from_above,
          minmay_the_grid_triangle_9x9_zippers_vertical,
          minmay_the_grid_triangle_9x9_zippers_horizontal], layout_loops_ring,
          serial_shops, nicolae_shop_stone, shop_statue, shop, shop_fountains,
          shop

Skill      XL: |  1  2  3  4  5  6  7  8 |
---------------+-------------------------+-----
Stealth        | 3 4 5 6 |  6.6
Unarmed Combat | 1 2 |  2.7
Throwing       | 1 2 |  2.4
Fighting       | 1 2 |  2.2
Short Blades   | 1 2 3 |  3.4
Evocations     | 1 2 |  2.5
Long Blades    | 1 2 |  2.0
Hexes          | 1 2 |  2.0
Invocations    | 1 2 |  2.2
Air Magic      | 1 |  1.6
Summonings     | 5 |  5.1
Dodging        | 3 |  3.2
Spellcasting   | 3 |  3.0

Action                   |  1- 3 |  4- 6 |  7- 9 || total
-------------------------+-------+-------+-------++-------
Melee: Dagger            |    69 |    57 |   107 ||   233
       Constrict         |    15 |    14 |    16 ||    45
       Tentacles         |     9 |     5 |    16 ||    30
       Kick              |     9 |     8 |    19 ||    36
       Punch             |       |     1 |     1 ||     2
Throw: Dart              |    30 |     7 |    20 ||    57
 Cast: Summon Small Mamm |     2 |       |       ||     2
       Call Imp          |     6 |     1 |    12 ||    19
       Summon Guardian G |       |     1 |       ||     1
       Summon Lightning  |       |       |     2 ||     2
  Use: Scroll            |     9 |     3 |     4 ||    16
       Potion            |     6 |     6 |     6 ||    18
 Stab: Sleeping          |     6 |    10 |    14 ||    30
       Invisible         |       |     2 |       ||     2
       Distracted        |       |       |     1 ||     1
Armor: Skin              |     5 |     4 |    10 ||    19
Dodge: Dodged            |    36 |    29 |    94 ||   159
